AoeStats
← Araco

Arabia

508006930Analyzed
2v2 RM · 12d ago on Sep 20, 2026· 65m 15s· 4 players
Game mode
Random Map
Map size
Medium (4 player)
Population
200
Speed
Normal
Resources
Standard
Victory
Conquest
Starting age
Dark Age
Ending age
Imperial Age
RankedLock teamsTeams togetherTeam positionsShared explorationLock speedFull tech treeHidden civsTurbo modeCheats
Victory
Defeat
🇪🇸 Goths · Spain
1281
+13
🇪🇸 Britons · Spain
1262
+14
🇦🇷 Mongols · Argentina
1225
-14
🇨🇳 Persians · China
1215
-13
开心妹妹毛毛
7:43 Loom
10:20 Feudal Age
10:44 Double-Bit Axe
10:58 Horse Collar
20:24 Fletching
24:54 Castle Age
23:46 Padded Archer Armor
24:59 Forging
25:11 Gold Mining
28:46 Scale Barding Armor
29:57 Heavy Plow
34:22 Wheelbarrow
34:48 Bloodlines
35:34 Husbandry
37:33 Bow Saw
37:52 Hand Cart
38:23 Chain Barding Armor
40:31 Iron Casting
40:06 Stone Mining
40:14 Town Watch
43:53 Gold Shaft Mining
46:45 Imperial Age
44:56 Murder Holes
45:23 Thumb Ring
45:31 Bodkin Arrow
47:50 Plate Barding Armor
48:13 Conscription
49:10 Two-Man Saw
48:32 Ballistics
47:34 Crossbowman
48:17 Cavalier
50:06 Blast Furnace
49:56 Leather Archer Armor
50:39 Stone Shaft Mining
50:14 Kamandaran
51:53 Chemistry
50:58 Savar
55:53 Citadels
55:26 Light Cavalry
56:39 Ring Archer Armor
56:23 Hussar
58:25 Hoardings
59:36 Masonry
60:01 Crop Rotation
61:57 Elite Skirmisher
Skavio22
7:02 Loom
8:57 Feudal Age
9:52 Double-Bit Axe
9:56 Horse Collar
18:58 Fletching
19:47 Padded Archer Armor
24:29 Castle Age
23:14 Bloodlines
23:13 Gold Mining
25:10 Bodkin Arrow
25:44 Leather Archer Armor
27:31 Ballistics
27:24 Husbandry
26:53 Elite Skirmisher
41:02 Stone Mining
43:04 Thumb Ring
44:45 Wheelbarrow
44:50 Town Watch
45:57 Gold Shaft Mining
49:29 Imperial Age
48:55 Stone Shaft Mining
49:46 Scale Barding Armor
49:53 Forging
50:52 Parthian Tactics
50:34 Bracer
51:35 Chemistry
50:16 Heavy Cavalry Archer
51:38 Conscription
51:44 Bracer
52:19 Hand Cart
53:43 Caravan
53:57 Forging
55:20 Light Cavalry
56:37 Iron Casting
56:22 Chain Barding Armor
58:02 Hussar
61:34 Blast Furnace
Ares (Yi Nation)
7:33 Loom
9:52 Feudal Age
14:22 Fletching
15:03 Horse Collar
15:11 Double-Bit Axe
17:47 Padded Archer Armor
24:22 Castle Age
22:45 Gold Mining
24:24 Crossbowman
25:00 Bodkin Arrow
30:51 Bow Saw
31:51 Ballistics
35:05 Leather Archer Armor
36:26 Horse Collar
39:33 Wheelbarrow
43:07 Imperial Age
40:37 Stone Mining
40:57 Heavy Plow
41:48 Town Watch
42:17 Masonry
45:24 Hand Cart
45:38 Bracer
45:07 Arbalester
47:00 Forging
48:08 Chemistry
47:50 Squires
49:54 Ring Archer Armor
50:00 Conscription
49:10 Man-at-Arms
49:35 Gambesons
49:53 Scale Mail Armor
50:17 Fortified Wall
50:03 Long Swordsman
51:04 Town Patrol
52:04 Chain Mail Armor
51:24 Two-Handed Swordsman
52:18 Forging
52:39 Champion
53:52 Plate Mail Armor
53:54 Yeomen
53:09 Capped Ram
55:30 Iron Casting
56:18 Pikeman
59:08 Coinage
58:48 Halberdier
61:02 Blast Furnace
61:21 Hoardings
63:51 Guard Tower
Araco
0:35 Loom
9:53 Feudal Age
10:13 Man-at-Arms
21:09 Forging
20:51 Fletching
21:20 Horse Collar
23:25 Scale Mail Armor
30:02 Castle Age
29:05 Double-Bit Axe
29:17 Gold Mining
30:06 Pikeman
33:31 Wheelbarrow
37:23 Anarchy
39:17 Bow Saw
39:14 Heavy Plow
41:44 Iron Casting
43:28 Chain Mail Armor
43:17 Squires
49:03 Imperial Age
48:49 Hand Cart
49:46 Perfusion
50:08 Conscription
49:21 Halberdier
52:17 Crop Rotation
51:59 Masonry
57:20 Blast Furnace
64:16 Architecture
Connection lost

Rejoining the realm…

Still unreachable

The connection could not be restored.

Session expired

The server has moved on; the page needs a fresh start.